 Dungeon Crawl Stone Soup version 0.21-a0-529-g8c7b3f5 (webtiles) character file.

18703 kae the Grappler (level 12, -13/123 HPs)
             Began as a Troll Monk on Dec 9, 2017.
             Was the Champion of Wu Jian.
             Mangled by a 12-headed hydra (15 damage)
             ... on level 3 of the Lair of Beasts.
             The game lasted 00:18:41 (12192 turns).

kae the Grappler (Troll Monk)                      Turns: 12192, Time: 00:18:42

Health: -13/123    AC:  8    Str: 22    XL:     12   Next: 30%
Magic:  29/29      EV: 13    Int:  7    God:    Wu Jian [******]
Gold:   871        SH:  8    Dex: 15    Spells: 11/11 levels left

rFire    . . .     SeeInvis .     - Unarmed
rCold    . . .     Gourm    +   O - +0 shield
rNeg     . . .     Faith    .   a - +1 robe
rPois    .         Spirit   .   u - +2 hat
rElec    .         Reflect  .   (no cloak)
rCorr    .         Harm     .   (gloves unavailable)
MR       .....                  (boots unavailable)
Stlth    ++........             E - amulet of magic regeneration
HPRegen  0.70/turn              o - ring of magical power
MPRegen  0.46/turn              n - ring of magical power

@: exhausted
A: large, unfitting armour, claws 3, fast metabolism 3, gourmand, regeneration
1, shaggy fur 1, tough skin 2
a: Serpent's Lash, Heavenly Storm, Renounce Religion


You were on level 3 of the Lair of Beasts.
You worshipped Wu Jian.
Wu Jian was exalted by your worship.
You were very full.

You visited 2 branches of the dungeon, and saw 14 of its levels.
You also visited: Ossuary.

You collected 949 gold pieces.
You spent 78 gold pieces at shops.

Inventory:

Armour
 a - a +1 robe (worn)
 u - a +2 hat (worn)
 O - a +0 shield (worn)
Jewellery
 j - an uncursed ring of flight
 n - a ring of magical power (right claw)
 o - a ring of magical power (left claw)
 E - an amulet of magic regeneration (around neck)
Wands
 e - a wand of polymorph (10)
 w - a wand of enslavement (13)
 A - a wand of iceblast (7)
 H - a wand of paralysis (16)
 I - a wand of flame (24)
 K - a wand of random effects (37)
Scrolls
 c - 9 scrolls of remove curse
 d - 4 scrolls of amnesia
 f - 6 scrolls of enchant armour
 v - 6 scrolls of identify
 z - a scroll of magic mapping
 B - 4 scrolls of immolation
 C - 4 scrolls of teleportation
Potions
 g - 3 potions of heal wounds
 h - 3 potions of curing
 i - 4 potions of flight
 k - 2 potions of brilliance
 m - 5 potions of magic
 q - 2 potions of ambrosia
 r - 3 potions of haste
 s - 2 potions of berserk rage
 t - a potion of mutation
 F - a potion of agility
 L - a potion of lignification
 M - a potion of cancellation
Books
 y - a book of Geomancy

   Spells                             Type                      Level
   a - Sandblast                      Earth                        1
   b - Passwall                       Transmutation/Earth          2
   c - Stone Arrow                    Conjuration/Earth            3
   d - Petrify                        Transmutation/Earth          4
   e - Lee's Rapid Deconstruction     Earth                        5
 D - a book of the Earth

   Spells                             Type                      Level
   a - Leda's Liquefaction            Hexes/Earth                  4
   b - Bolt of Magma                  Conjuration/Fire/Earth       5
   c - Statue Form                    Transmutation/Earth          6
   d - Iron Shot                      Conjuration/Earth            6
   e - Shatter                        Earth                        9
 G - a book of Ice

   Spells                             Type                      Level
   a - Ice Form                       Ice/Transmutation            4
   b - Metabolic Englaciation         Hexes/Ice                    5
   c - Ozocubu's Refrigeration        Ice                          6
   d - Bolt of Cold                   Conjuration/Ice              6
   e - Freezing Cloud                 Conjuration/Ice/Air          6
   f - Simulacrum                     Ice/Necromancy               6
 J - a book of Battle

   Spells                             Type                      Level
   a - Infusion                       Charms                       1
   b - Shroud of Golubria             Charms/Translocation         2
   c - Song of Slaying                Charms                       2
   d - Spectral Weapon                Hexes/Charms                 3
   e - Regeneration                   Charms/Necromancy            3
 N - a book of Conjurations

   Spells                             Type                      Level
   a - Magic Dart                     Conjuration                  1
   b - Searing Ray                    Conjuration                  2
   c - Dazzling Spray                 Conjuration/Hexes            3
   d - Fulminant Prism                Conjuration/Hexes            4
   e - Force Lance                    Conjuration/Translocation    4
   f - Iskenderun's Mystic Blast      Conjuration                  4
Comestibles
 b - 9 bread rations
 l - 16 meat rations
 p - 12 fruits


   Skills:
 + Level 9.0 Fighting
 + Level 9.0 Dodging
 - Level 1.0 Stealth
 + Level 0.8 Shields
 * Level 14.2 Unarmed Combat


You had 11 spell levels left.
You didn't know any spells.

Dungeon Overview and Level Annotations

Branches:
Dungeon (11/15)            Temple (0/1) D:4            Lair (3/6) D:10
    Orc (0/2) D:11
  Swamp: Lair:2-4    Shoals: Lair:2-4     Snake: Lair:2-4    Spider: Lair:2-4

Altars:
Cheibriados
Dithmenos
Elyvilon
Fedhas
Gozag
Okawaru
Qazlal
Ru
Trog
Wu Jian
Xom
Yredelemnul
The Shining One

Shops:
D:4 ?   D:7 }


Innate Abilities, Weirdness & Mutations

You are too large for most types of armour.
You have claws for hands.
Your metabolism is lightning-fast.
You like to eat raw meat.
Your natural rate of healing is unusually fast.
You are covered in fur. (AC +1)
You have very tough skin. (AC +2)


Message History

* * * LOW HITPOINT WARNING * * *
The 12-headed hydra barely misses you.
Unknown command.
Okay, then.
Evoke which item? (* to show all) (? for menu, Esc to quit)
Okay, then.
Evoke which item? (* to show all) (? for menu, Esc to quit)
Aiming: Iceblast
Press: ? - help, Shift-Dir - straight line, f/p - 12-headed hydra
Aim: a 12-headed hydra (sparse dust, severely wounded)
Okay, then.
Unknown command.
Evoke which item? (* to show all) (? for menu, Esc to quit)
Aiming: Enslavement
Press: ? - help, Shift-Dir - straight line, f/p - 12-headed hydra
Aim: a 12-headed hydra (sparse dust, severely wounded, chance to defeat MR: 15%)
The 12-headed hydra resists with almost no effort.
The 12-headed hydra closely misses you. The 12-headed hydra barely misses you.
The 12-headed hydra bites you!
You die...

## #.#### # ### #.#.##
#.##..##D#..#
........@§.##
........§...##
.............#
#...................##
....................#
#...................#
....................#
...................###
.....................#


You could see a 12-headed hydra.

Vanquished Creatures
  Gastronok (Lair:2)
  5 two-headed ogres
  2 spiny frogs
  A gargoyle (D:11)
  2 rime drakes (Lair:2)
  4 hippogriffs
  18 yaks
  Eustachio (D:5)
  A basilisk (Lair:1)
  A water moccasin (Lair:1)
  4 ice beasts
  5 porcupines
  2 sky beasts
  A black bear (D:7)
  7 orc warriors
  A hornet zombie (D:5)
  A necrophage (D:10)
  4 phantoms
  5 ogres
  5 centaurs
  2 crocodiles
  The ghost of Gorglomux the Sneak, an amateur OpEE (D:3)
  3 elf zombies (Ossuary)
  4 big kobolds
  A gnoll sergeant (D:8)
  11 bullfrogs
  2 water moccasin skeletons
  6 scorpions
  3 troll zombies (D:11)
  9 killer bees
  4 wights (D:9)
  2 howler monkeys
  2 crimson imps
  2 bullfrog zombies
  A gnoll shaman (D:7)
  2 human zombies (Ossuary)
  6 jellies
  3 quasits
  8 orc priests
  11 hounds
  2 centaur skeletons
  3 bullfrog skeletons
  14 orc wizards
  6 hell rats (Lair:2)
  8 worker ants
  5 ogre zombies (D:11)
  2 mummies (Ossuary)
  A hound skeleton (D:6)
  15 adders
  11 gnolls
  11 river rats (Lair:2)
  2 adder zombies (Ossuary)
  An adder skeleton (D:5)
  5 worms
  A dart slug (D:4)
  2 leopard geckos
  66 orcs
  A ball python (D:5)
  5 giant cockroaches
  8 goblins
  6 hobgoblins
  6 iguanas
  8 jackals
  8 quokkas
  6 bats
  7 frilled lizards
  A goblin skeleton (D:11)
  3 goblin zombies
  3 hobgoblin skeletons (D:11)
  7 hobgoblin zombies
  A jackal zombie (Ossuary)
  22 kobolds
  14 kobold zombies (Ossuary)
  A leopard gecko zombie (D:6)
  2 orc skeletons (D:11)
  24 orc zombies
  A quokka skeleton (D:5)
  23 rats
  A bush (D:1)
  A plant (D:1)
468 creatures vanquished.

Vanquished Creatures (others)
  A killer bee (D:10)
  2 orcs
  A fungus (Lair:3)
4 creatures vanquished.

Grand Total: 472 creatures vanquished

Notes
Turn   | Place    | Note
-------+----------+-------------------------------------------
     0 | D:1      | kae the Troll Monk began the quest for the Orb.
     0 | D:1      | Reached XP level 1. HP: 22/22 MP: 0/0
   215 | D:1      | Reached XP level 2. HP: 29/29 MP: 1/1
   892 | D:1      | Reached XP level 3. HP: 20/36 MP: 2/2
   948 | D:2      | Reached skill level 4 in Unarmed Combat
   965 | D:2      | Reached XP level 4. HP: 41/44 MP: 3/3
   998 | D:2      | Found an opulent altar of Gozag.
  1156 | D:2      | Found a snail-covered altar of Cheibriados.
  1529 | D:3      | Noticed Gorglomux's ghost (amateur OpEE)
  1553 | D:3      | Killed Gorglomux's ghost
  1553 | D:3      | Reached XP level 5. HP: 53/53 MP: 4/4
  1604 | D:3      | Reached skill level 5 in Unarmed Combat
  1745 | D:3      | Reached XP level 6. HP: 45/61 MP: 5/5
  1773 | D:3      | Found a shimmering altar of Xom.
  2113 | D:3      | Found a glowing golden altar of the Shining One.
  2597 | D:4      | Found a shadowy altar of Dithmenos.
  2602 | D:4      | Found an iron altar of Okawaru.
  2618 | D:4      | Found Wennuch's Magic Scroll Shoppe.
  2636 | D:4      | Bought a scroll of identify for 26 gold pieces
  2636 | D:4      | Bought a scroll of identify for 26 gold pieces
  2636 | D:4      | Bought a scroll of identify for 26 gold pieces
  2676 | D:4      | Found an ornate altar of the Wu Jian Council.
  2729 | D:4      | Became a worshipper of the Wu Jian Council
  2729 | D:4      | Reached * piety under Wu Jian
  2729 | D:4      | Reached ** piety under Wu Jian
  2883 | D:4      | Reached skill level 6 in Unarmed Combat
  2887 | D:4      | Reached XP level 7. HP: 68/68 MP: 6/6
  2961 | D:4      | Found a blossoming altar of Fedhas.
  3179 | D:4      | Found a white marble altar of Elyvilon.
  3267 | D:4      | Found a basalt altar of Yredelemnul.
  3368 | D:4      | Found a staircase to the Ecumenical Temple.
  3396 | D:5      | Entered Level 5 of the Dungeon
  3638 | D:5      | Reached skill level 7 in Unarmed Combat
  3731 | D:5      | Noticed Eustachio
  3742 | D:5      | Killed Eustachio
  3742 | D:5      | Reached *** piety under Wu Jian
  3742 | D:5      | Reached XP level 8. HP: 78/79 MP: 7/7
  3907 | D:5      | Found a sand-covered staircase.
  3915 | Ossuary  | Entered an ossuary
  4171 | Ossuary  | Reached skill level 8 in Unarmed Combat
  4183 | Ossuary  | Reached skill level 5 in Fighting
  4183 | Ossuary  | Reached skill level 5 in Dodging
  4191 | Ossuary  | Reached **** piety under Wu Jian
  4283 | D:5      | Found a sacrificial altar of Ru.
  5190 | D:6      | Reached XP level 9. HP: 86/88 MP: 8/8
  5202 | D:6      | Reached skill level 9 in Unarmed Combat
  5915 | D:7      | Found Vugew's Gadget Shoppe.
  6031 | D:7      | Found a stormy altar of Qazlal.
  6037 | D:7      | Reached skill level 10 in Unarmed Combat
  6227 | D:7      | Reached ***** piety under Wu Jian
  6590 | D:8      | Noticed a two-headed ogre
  6618 | D:8      | Killed a two-headed ogre
  6618 | D:8      | Reached XP level 10. HP: 31/100 MP: 9/9
  6924 | D:8      | Noticed a two-headed ogre
  6939 | D:8      | Killed a two-headed ogre
  6939 | D:8      | Reached skill level 11 in Unarmed Combat
  7846 | D:9      | Noticed a two-headed ogre
  7856 | D:9      | Killed a two-headed ogre
  7856 | D:9      | Reached skill level 12 in Unarmed Combat
  8216 | D:9      | Found a bloodstained altar of Trog.
  8319 | D:10     | Entered Level 10 of the Dungeon
  8319 | D:10     | Found a staircase to the Lair.
  8391 | D:10     | Reached XP level 11. HP: 29/109 MP: 10/10
  8411 | D:10     | Noticed a two-headed ogre
  8425 | D:10     | Killed a two-headed ogre
  9069 | D:11     | Noticed a two-headed ogre
  9105 | D:11     | Killed a two-headed ogre
  9255 | D:11     | Found a staircase to the Orcish Mines.
  9272 | D:11     | Reached ****** piety under Wu Jian
  9437 | D:11     | Reached skill level 13 in Unarmed Combat
  9992 | Lair:1   | Entered Level 1 of the Lair of Beasts
 10976 | Lair:2   | Noticed Gastronok
 11089 | Lair:2   | Killed Gastronok
 11089 | Lair:2   | Reached XP level 12. HP: 122/122 MP: 11/11
 11139 | Lair:2   | Reached skill level 14 in Unarmed Combat
 11865 | Lair:3   | Found a shimmering altar of Xom.
 12154 | Lair:3   | Noticed a seven-headed hydra
 12191 | Lair:3   | HP: 5/123 [12-headed hydra (13)]
 12191 | Lair:3   | HP: 1/123 [12-headed hydra (4)]
 12192 | Lair:3   | Mangled by a 12-headed hydra

Vault maps used:
D:1:      minmay_arrival_five_plusses, serial_forest, infiniplex_forest_end_1,
          infiniplex_forest_clump_C, infiniplex_forest_straight_1,
          infiniplex_forest_end_1, infiniplex_forest_straight_1,
          infiniplex_forest_clump_C, infiniplex_forest_diagonal,
          infiniplex_forest_lined_3_way, minmay_heptomino_h4
D:2:      nicolae_gozag_seed_capital, overflow_temple_1_default
D:3:      nicolae_tso_carved_into_rock, first_bread, minmay_strange_pillars,
          dk_xom_monty_hall
D:4:      kennysheep_ying_yang, overflow_temple_1_default, lemuel_doored_altar,
          old_standard_altar, grunt_dithmenos_smoke,
          minmay_temple_entry_poolview, serial_shops, nicolae_shop_stone
D:5:      kennysheep_little_box, chequers_ossuary_entry_cave,
          hangedman_abyss_or_decor_lesser_grid, lemuel_flame_loot_1,
          uniq_eustachio
D:7:      overflow_temple_1_default, serial_shops, shop
D:9:      lightli_temple_of_fire
D:10:     lair_entry_dummy
D:11:     zombieorc2_lemuel
Lair:1:   grunt_megastairs_1
Lair:2:   lemuel_ratsnest, uniq_gastronok
Lair:3:   basic_altar
Ossuary:  ossuary_tomb_1

Skill      XL: |  1  2  3  4  5  6  7  8  9 10 11 12 |
---------------+-------------------------------------+-----
Unarmed Combat | 4 5 6 7 8 10 12 13 14 | 14.2
Dodging        | 3 4 5 6 7 8 9 |  9.0
Fighting       | 3 4 5 6 7 8 9 |  9.0
Stealth        | |  1.0
Shields        | |  0.8

Action                   |  1- 3 |  4- 6 |  7- 9 | 10-12 || total
-------------------------+-------+-------+-------+-------++-------
Melee: Unarmed           |   114 |   167 |   490 |   587 ||  1358
       Punch             |     4 |     4 |    13 |    26 ||    47
Invok: Serpent's Lash    |       |       |       |     1 ||     1
Evoke: Wand              |       |       |       |     5 ||     5
  Use: Scroll            |       |     9 |     8 |     6 ||    23
       Potion            |       |       |       |     1 ||     1
 Stab: Sleeping          |     1 |     3 |     2 |     2 ||     8
       Distracted        |       |       |     1 |     1 ||     2
  Eat: Chunk             |    14 |    15 |    36 |    52 ||   117
Armor: Robe              |    22 |    41 |   106 |   100 ||   269
Dodge: Dodged            |    22 |    65 |   239 |   293 ||   619
Block: Shield            |       |       |       |    11 ||    11

Table legend:
 A = Spawn XP
 B = Non-spawn XP
 C = Spawn XP percentage of total XP
 D = Spawn monster count
 E = Non-spawn monster count
 F = Spawn count percentage of total count
 G = Total turns spent on level
                    A         B        C        D         E        F      G
               +---------+---------+-------+---------+---------+-------+---------
         Total |       0 |   26719 |   0.0 |       0 |     467 |   0.0 | 12192
               +---------+---------+-------+---------+---------+-------+---------
           D:1 |       0 |      55 |   0.0 |       0 |      20 |   0.0 |   929
           D:2 |       0 |     108 |   0.0 |       0 |      18 |   0.0 |   504
           D:3 |       0 |     386 |   0.0 |       0 |      31 |   0.0 |  1137
           D:4 |       0 |     438 |   0.0 |       0 |      23 |   0.0 |   826
           D:5 |       0 |     934 |   0.0 |       0 |      36 |   0.0 |  1175
           D:6 |       0 |     673 |   0.0 |       0 |      24 |   0.0 |   721
           D:7 |       0 |    1893 |   0.0 |       0 |      48 |   0.0 |   820
           D:8 |       0 |    2793 |   0.0 |       0 |      23 |   0.0 |  1071
           D:9 |       0 |    2581 |   0.0 |       0 |      32 |   0.0 |   901
          D:10 |       0 |    3495 |   0.0 |       0 |      38 |   0.0 |   735
          D:11 |       0 |    2720 |   0.0 |       0 |      61 |   0.0 |   954
        Lair:1 |       0 |    3586 |   0.0 |       0 |      19 |   0.0 |  1006
        Lair:2 |       0 |    5232 |   0.0 |       0 |      48 |   0.0 |   689
        Lair:3 |       0 |    1367 |   0.0 |       0 |       7 |   0.0 |   399
       Ossuary |       0 |     458 |   0.0 |       0 |      39 |   0.0 |   325
               +---------+---------+-------+---------+---------+-------+---------
